 Dungeon Crawl Stone Soup version 0.26-a0-658-gbdda728c12 (webtiles) character file.

Game seed: 3908211884619038080

151 DogServant the Grave Robber (level 5, -1/42 HPs)
             Began as a Demonspawn Necromancer on Oct 5, 2020.
             Slain by a worm (5 damage)
             ... on level 2 of the Dungeon.
             The game lasted 00:06:30 (3448 turns).

DogServant the Grave Robber (DsNe)                  Turns: 3448, Time: 00:06:31

Health: -1/42      AC:  2    Str:  9    XL:     5   Next: 10%
Magic:  0/8        EV: 14    Int: 17    God:
Gold:   123        SH:  0    Dex: 13    Spells: 3/8 levels left

rFire    . . .     SeeInvis .   j - +0 spear
rCold    . . .     Faith    .   (no shield)
rNeg     . . .     Spirit   .   a - +0 robe
rPois    .         Reflect  .   (no helmet)
rElec    .         Harm     .   (no cloak)
rCorr    .         Rampage  .   (no gloves)
MR       .....                  (no boots)
Stlth    ++........             (no amulet)
HPRegen  0.14/turn              (no ring)
MPRegen  0.11/turn              (no ring)

@: no status effects
A: repulsion field 1
a: no special abilities


You were on level 2 of the Dungeon.
You visited 1 branch of the dungeon, and saw 2 of its levels.

You collected 123 gold pieces.

Inventory:

Hand Weapons
 c - a +0 club
 j - a +0 spear (weapon)
Armour
 a - a +0 robe (worn)
Scrolls
 d - a scroll of identify
 f - a scroll of amnesia {unknown}
 g - a scroll of remove curse {unknown}
 h - a scroll of fog {unknown}
Potions
 b - a potion of cancellation
 e - a potion of mutation {unknown}
 k - a potion of berserk rage {unknown}


   Skills:
 - Level 3.7 Fighting
 + Level 1.2 Polearms
 + Level 1.2 Armour
 - Level 1.7 Dodging
 - Level 1.7 Stealth
 - Level 2.0 Spellcasting
 + Level 4.8 Necromancy


You had 3 spell levels left.
You knew the following spells:

 Your Spells              Type           Power        Failure   Level
a - Pain                  Necr           ###.         2%          1
b - Animate Skeleton      Necr           ###...       2%          1
c - Vampiric Draining     Necr           ###.......   9%          3

Your spell library contained the following spells:

 Spells                   Type           Power        Failure   Level
 Animate Dead             Necr           ###.......   26%         4
 Agony                    Necr           ###.....     58%         5


Dungeon Overview and Level Annotations

Branches:
Dungeon (2/15)

Altars:
Ru


Innate Abilities, Weirdness & Mutations

You are surrounded by a mild repulsion field. (EV +2)


Message History

Aim: a worm (severely wounded) There's nothing close enough!
The worm bites you.
You hit the worm but do no damage.
The worm is severely wounded.
You hit the worm but do no damage.
The worm is severely wounded.
The worm misses you.
You hit the worm.
The worm is severely wounded.
The worm bites you!
You hit the worm.
The worm is almost dead.
You completely miss the worm.
The worm is almost dead.
The worm bites you!
* * * LOW HITPOINT WARNING * * *
You hit the worm.
The worm is almost dead.
The worm bites you.
You die...

# #.###.# #.# #
#.....# #># #
####.##### #.# #
#....# #.# # ##.###
#.#
#################.#
#.#
.)................#
#.#
.###.########.########
#.## ## #.# #...@w...#
#... #
#.########.######.#
####
###..........######)#
#................##.#
##.#.########.###.##.#
...#.# #.# #.##.#
##.#.# #.# #.##.#
##.#.# #.# #.##.#
...#.## #.#
#.##.############


You could see a worm.

Vanquished Creatures
  Natasha (twice) (D:2)
  4 adders (D:2)
  A dart slug (D:1)
  3 leopard geckos
  5 orcs (D:2)
  4 bats
  2 giant cockroaches (D:2)
  2 goblins
  9 hobgoblins
  8 jackals
  5 kobolds
  4 frilled lizards
  6 rats
55 creatures vanquished.

Notes
Turn   | Place    | Note
-------+----------+-------------------------------------------
     0 | D:1      | DogServant the Demonspawn Necromancer began the quest for
                  | the Orb.
     0 | D:1      | Reached XP level 1. HP: 13/13 MP: 3/3
   281 | D:1      | Reached skill level 1 in Fighting
   342 | D:1      | Gained mutation: You are surrounded by a mild repulsion
                  | field. (EV +2) [demonic ancestry]
   342 | D:1      | Reached XP level 2. HP: 15/22 MP: 0/5
   690 | D:1      | Learned a level 1 spell: Animate Skeleton
  1320 | D:2      | Found a faded altar of an unknown god.
  1449 | D:2      | Reached XP level 3. HP: 25/28 MP: 2/6
  1730 | D:2      | Found a sacrificial altar of Ru.
  2138 | D:2      | Reached XP level 4. HP: 37/37 MP: 7/7
  2288 | D:2      | Noticed Natasha
  2297 | D:2      | Learned a level 3 spell: Vampiric Draining
  2800 | D:2      | Killed Natasha
  3064 | D:2      | Noticed Natasha
  3087 | D:2      | Killed Natasha
  3087 | D:2      | Reached skill level 1 in Polearms
  3087 | D:2      | Reached skill level 1 in Armour
  3202 | D:2      | Reached XP level 5. HP: 42/42 MP: 6/8
  3448 | D:2      | Slain by a worm

Illustrated notes

Levels and vault maps discovered:
D:1:      dpeg_arrival_houses_and_road, layout_basic
D:2:      layout_loops_ring, nicolae_ru_great_annihilating_truth,
          chequers_ecumenical_altar_simple, uniq_natasha,
          uniq_crazy_yiuf_cottage

Skill      XL: |  1  2  3  4 |
---------------+-------------+-----
Fighting       | 1 2 3 |  3.7
Polearms       | 1 |  1.2
Armour         | 1 |  1.2
Dodging        | |  1.7
Stealth        | |  1.7
Spellcasting   | |  2.0
Necromancy     | |  4.8

Action                   |  1- 3 |  4- 6 || total
-------------------------+-------+-------++-------
Melee: Club              |    61 |       ||    61
       Unarmed           |     1 |       ||     1
       Spear             |    29 |   150 ||   179
 Cast: Pain              |    32 |     9 ||    41
       Animate Skeleton  |     1 |     8 ||     9
       Vampiric Draining |       |    10 ||    10
  Use: Scroll            |       |     3 ||     3
       Potion            |       |     1 ||     1
 Stab: Sleeping          |     6 |     2 ||     8
       Paralysed         |     2 |       ||     2
       Invisible         |     1 |       ||     1
Armor: Robe              |    17 |    12 ||    29
Dodge: Dodged            |    89 |    90 ||   179

Table legend: (Time is in decaauts)
 A = Elapsed time spent in this place.
 B = Non-inter-level travel time spent in this place.
 C = Inter-level travel time spent in this place.
 D = Time resting spent in this place.
 E = Time spent auto-exploring this place.
 F = Levels seen in this place.
 G = Mean time per level.
                   A        B        C        D        E       F      G
               +--------+--------+--------+--------+--------+-----+--------+
         Total |   3488 |   3460 |     28 |   1250 |   1541 |   2 | 1744.0 |
       Dungeon |   3488 |   3460 |     28 |   1250 |   1541 |   2 | 1744.0 |
               +--------+--------+--------+--------+--------+-----+--------+

Top non-repeatable levels by time:
     D:2: 2158 daAuts
     D:1: 1329 daAuts
